 Dungeon Crawl Stone Soup version 0.31.0-32-g396128a36d (webtiles) character file.

Game seed: 2617338107382002046

25926 SSird the Protected (level 13, -6/129 HPs)
             Began as a Gargoyle Fighter on Mar 21, 2024.
             Was a High Priest of Okawaru.
             Killed by divine providence
             ... invoked by a smoke demon
              (11 damage)
             ... on level 4 of the Abyss on Apr 2, 2024.
             The game lasted 01:13:38 (13296 turns).

SSird the Protected (Gargoyle Fighter)             Turns: 13296, Time: 01:13:39

Health: -6/129     AC: 44    Str: 26      XL:     13   Next: 22%
Magic:  16/19      EV: 19    Int: 10 (11) God:    Okawaru [*****.]
Gold:   725        SH: 10    Dex:  5      Spells: 12/12 levels left

rFire   x x x        a - +6 broad axe (heavy)
rCold   x x x        c - +0 buckler
rNeg    + + +        r - +10 plate armour "Gounk" {rN++ Will+}
rPois   ∞            z - +2 hat
rElec   +            (no cloak)
rCorr   +            (no gloves)
SInv    .            n - +2 pair of boots
Will    .....        i - amulet "Nofamm" {Reflect rN++ Will- rCorr Str+3 SH+5} Stlth
                     o - +5 ring of evasion
HPRegen 0.00/turn    H - +5 ring of evasion
MPRegen 0.16/turn

%: random rage (9%), reflection
@: berserking (expiring), on fire, heroic, inhibited regen, glowing, very quick
A: sickness immunity, AC +9, negative energy resistance 1, electricity
resistance, torment resistance 1, petrification resistance, [berserk 2], [clumsy
2], [deterioration 1], [inhibited regeneration], [cold vulnerability 3], [heat
vulnerability 3], [inability to drink after injury 2]
a: Renounce Religion, Heroism, Finesse, Duel


You were on level 4 of the Abyss.
You worshipped Okawaru.
Okawaru was extremely pleased with you.
You visited 3 branches of the dungeon, and saw 14 of its levels.
You visited the Abyss 1 time.
You also visited: Sewer and Bailey.

You collected 1019 gold pieces.
You spent 294 gold pieces at shops.

Inventory:

Hand Weapons
 a - a +6 heavy broad axe (weapon)
 b - a +2 whip of electrocution
 G - a +2 whip of freezing
 N - the +8 sling of Wyrd {freeze, Dex+3}
   (You found it on level 8 of the Dungeon)

   Dex+3:     It affects your dexterity (+3).
Armour
 c - a +0 buckler (worn)
 l - the +1 plate armour of Giseremeza {Harm}
   (You found it on level 4 of the Dungeon)

   Harm:      It increases damage dealt and taken.
 n - a +2 pair of boots (worn)
 r - the +10 plate armour "Gounk" (worn) {rN++ Will+}
   (You found it on level 4 of the Dungeon)

   rN++:      It greatly protects you from negative energy.
   Will+:     It increases your willpower.
 z - a +2 hat (worn)
Jewellery
 i - the amulet "Nofamm" (around neck) {Reflect rN++ Will- rCorr Str+3 SH+5}
   (You acquired it on level 8 of the Dungeon)

   [amulet of reflection]

   Reflect:   It reflects blocked missile attacks.
   Str+3:     It affects your strength (+3).
   rN++:      It greatly protects you from negative energy.
   Will-:     It decreases your willpower.
   rCorr:     It protects you from acid and corrosion.
   SH+5:      It affects your SH (+5).
 o - a +5 ring of evasion (left hand)
 p - a +6 ring of dexterity
 v - a ring of ice
 D - a ring of wizardry
 H - a +5 ring of evasion (right hand)
 I - a +4 ring of protection
Wands
 m - a wand of light (15)
 t - a wand of flame (32)
Scrolls
 f - a scroll of enchant weapon
 g - 2 scrolls of immolation
 s - 3 scrolls of noise
 x - 3 scrolls of silence
 y - a scroll of fear
 A - 3 scrolls of vulnerability
 B - a scroll of teleportation
 C - 2 scrolls of blinking
 E - a scroll of torment
 K - 2 scrolls of fog
Potions
 d - a potion of might
 e - 6 potions of curing
 h - 3 potions of lignification
 j - 3 potions of attraction
 k - a potion of berserk rage
 q - 2 potions of enlightenment
 F - 2 potions of mutation {unknown}
 J - 2 potions of brilliance {unknown}
 M - a potion of cancellation {unknown}
 O - a potion of magic


   Skills:
 + Level 12.0(17.0) Fighting
 - Level 12.0(17.0) Maces & Flails
 + Level 14.8(19.8) Armour
 - Level 4.0(9.0) Shields
 + Level 8.5 Invocations


You had 12 spell levels left.
You didn't know any spells.
Your spell library contained the following spells:

 Spells                   Type           Power      Damage    Failure   Level
 Magic Dart               Conj           0%         1d3       91%         1
 Mercury Vapours          Alch/Air       0%         N/A       97%         2
 Searing Ray              Conj           0%         2d4       97%         2
 Passwall                 Erth           0%         N/A       100%        3
 Volatile Blastmotes      Fire/Tloc      0%         2d10      100%        3
 Brom's Barrelling Bould  Conj/Erth      0%         2d3       100%        4
 Dimensional Bullseye     Hex/Tloc       0%         N/A       100%        4
 Fulminant Prism          Conj/Alch      0%         3d5       100%        4
 Iskenderun's Mystic Bla  Conj/Tloc      0%         2d3       100%        4
 Leda's Liquefaction      Alch/Erth      0%         N/A       100%        4
 Vhi's Electric Charge    Tloc/Air       0%         N/A       100%        4
 Shatter                  Erth           0%         3d5*      100%        9
 Tukima's Dance           Hex            Unusable   N/A       N/A         3
 Martyr's Knell           Necr/Summ      Unusable   N/A       N/A         4
 Haunt                    Necr/Summ      Unusable   N/A       N/A         7
 Malign Gateway           Summ/Tloc      Unusable   N/A       N/A         7
 Summon Horrible Things   Summ           Unusable   N/A       N/A         8

Dungeon Overview and Level Annotations

Branches:
Dungeon (12/15)            Temple (1/1) D:6            Lair (0/5) D:9
    Orc (1/2) D:11          Sewer (visited)          Bailey (visited)

Altars:
Ashenzari
Cheibriados
Dithmenos
Elyvilon
Fedhas
Gozag
Hepliaklqana
Kikubaaqudgha
Makhleb
Nemelex Xobeh
Okawaru
Qazlal
Ru
Sif Muna
Trog
Uskayaw
Vehumet
Wu Jian
Xom
Yredelemnul
Zin
The Shining One

Shops:
D:8 *


Innate Abilities, Weirdness & Mutations

You are immune to sickness and miasma.
Your stone body is resilient. (AC +9)
You are immune to poison.
You resist negative energy. (rN+)
You are resistant to electric shocks. (rElec)
You are resistant to unholy torment.
You are immune to petrification.
[You have an uncontrollable temper.]
[You are very clumsy. (Dex -4)]
[Your body sometimes deteriorates upon taking damage.]
[You do not regenerate when monsters are visible.]
[You are extremely vulnerable to cold. (rC---)]
[You are extremely vulnerable to heat. (rF---)]
[You sometimes lose the ability to drink potions when taking damage.]


Message History

The pyre arrow hits the ettin zombie.
You block the ettin zombie's attack. The ettin zombie closely misses you.
A smoke demon comes into view.
Unknown command.
The smoke demon roars!
You slice the ettin zombie!!
The ettin zombie is almost destroyed.
You flicker back into view.
The ettin zombie burns!
The ettin zombie is destroyed!
Your base Fighting skill increases to level 12!
The smoke demon hits you but does no damage.
The smoke demon closely misses you.
The smoke demon hits you but does no damage.
You slice the smoke demon!!
The smoke demon is almost dead.
The smoke demon gestures at you. The pyre arrow hits you.
You are covered in intense liquid fire!
The smoke demon gestures at you. Something smites you!
You cut the smoke demon into ribbons!!!
You kill the smoke demon!
Okawaru accepts your kill. The liquid fire burns you!
* * * LOW HITPOINT WARNING * * *
The smoke demon gestures at you. The pyre arrow hits you.
You are even more covered in intense liquid fire!
Unknown command.
You shake off some of the fire as you move.
The liquid fire burns you!
* * * LOW HITPOINT WARNING * * *
You shake off some of the fire as you move.
You feel a strong urge to attack something.
The liquid fire burns you!
* * * LOW HITPOINT WARNING * * *
The smoke demon gestures at you. Something smites you!
You die...

### ....
#.... #...
###..#
###....#...
#..@.3.....
###.......#..
#........#...
##...#...# #
#.......###
#...#...#
#⌠......##
##⌠.....#
###⌠##..


You could see a smoke demon.

Vanquished Creatures
  A juggernaut zombie (Abyss:4)
  An orc warlord (Bailey)
  A hydra (D:8)
  A two-headed ogre (D:8)
  A death yak (D:9)
  2 wretched stars (Abyss:4)
  A spatial maelstrom (Abyss:3)
  A sixfirhy (Abyss:3)
  3 necromancers (Orc:1)
  An orc knight (Orc:1)
  Pikel (D:6)
  2 orc sorcerers (Orc:1)
  A manticore (D:8)
  A cyclops (D:11)
  2 smoke demons
  A hornet (D:9)
  5 trolls
  Grinder (D:3)
  A polar bear (D:9)
  3 shadows (D:11)
  34 yaks
  A wyvern (D:8)
  A water moccasin (D:8)
  27 orc warriors
  2 black bears (D:6)
  A small abomination (Abyss:4)
  7 ice beasts
  2 centaurs
  3 wolves (D:9)
  5 ogres
  4 phantoms
  5 kobold brigands
  A lemure (D:6)
  2 bullfrogs
  A brain worm (Sewer)
  A gnoll sergeant (D:8)
  A warg zombie (Orc:1)
  A scorpion (D:5)
  A two-headed ogre simulacrum (Orc:1)
  2 cyclops skeletons (Orc:1)
  14 wights
  2 troll zombies (D:11)
  16 killer bees
  An electric eel (D:9)
  5 howler monkeys
  2 bombardier beetles (D:6)
  A crimson imp (D:9)
  3 jellies
  8 orc priests
  A hound (D:4)
  3 sleepcaps
  3 iguanas
  15 orc wizards
  6 ogre zombies
  5 gnolls (Bailey)
  12 adders
  3 river rats (Sewer)
  2 orc skeletons (Orc:1)
  A shadow imp (Abyss:4)
  3 white imps
  6 ufetubi
  3 orc simulacra (Orc:1)
  3 dart slugs
  3 ribbon worms (Sewer)
  63 orcs
  15 ball pythons
  11 endoplasms
  4 giant cockroaches
  4 gnoll zombies (D:11)
  21 hobgoblins
  A jackal (Sewer)
  14 quokkas
  9 bats
  5 frilled lizards
  12 goblins
  50 kobolds
  15 orc zombies
  5 rats
483 creatures vanquished.

Vanquished Creatures (others)
  An ettin zombie (Abyss:4)
1 creature vanquished.

Grand Total: 484 creatures vanquished

Notes
Turn   | Place    | Note
-------+----------+-------------------------------------------
     0 | D:1      | SSird the Gargoyle Fighter began the quest for the Orb.
     0 | D:1      | Reached XP level 1. HP: 14/14 MP: 1/1
   139 | D:1      | Reached XP level 2. HP: 12/19 MP: 2/2
   279 | D:1      | Found a faded altar of an unknown god.
   734 | D:1      | Reached XP level 3. HP: 20/23 MP: 3/3
  1421 | D:2      | Reached XP level 4. HP: 28/28 MP: 4/4
  1870 | D:3      | Reached skill level 4 in Armour
  1939 | D:3      | Noticed Grinder
  1947 | D:3      | Paralysed by Grinder for 5 turns
  2063 | D:3      | Killed Grinder
  2064 | D:3      | Reached skill level 5 in Maces & Flails
  2064 | D:3      | Reached XP level 5. HP: 12/32 MP: 5/5
  2064 | D:3      | Reached XP level 6. HP: 14/37 MP: 6/6
  2417 | D:4      | Reached skill level 5 in Armour
  2728 | D:4      | Reached XP level 7. HP: 41/41 MP: 7/7
  3096 | D:4      | Identified the +10 plate armour "Gounk" {rN++ Will+}
  3446 | D:4      | Identified the +1 plate armour of Giseremeza {Harm}
  3454 | D:4      | Found a shimmering blue altar of Sif Muna.
  3485 | D:4      | Found a glowing silver altar of Zin.
  3696 | D:5      | Entered Level 5 of the Dungeon
  3759 | D:5      | Found a radiant altar of Vehumet.
  3819 | D:5      | Reached skill level 6 in Armour
  3859 | D:5      | Reached XP level 8. HP: 46/46 MP: 8/8
  4161 | D:5      | Found a glowing drain.
  4166 | Sewer    | Entered a sewer
  4517 | Sewer    | Reached skill level 7 in Armour
  5370 | D:6      | Reached XP level 9. HP: 27/51 MP: 4/9
  5549 | D:6      | Found a staircase to the Ecumenical Temple.
  5598 | Temple   | Entered the Ecumenical Temple
  5678 | Temple   | Became a worshipper of Warmaster Okawaru
  5767 | Temple   | Reached skill level 8 in Armour
  5827 | Temple   | Reached skill level 10 in Maces & Flails
  5854 | D:6      | Reached * piety under Okawaru
  5981 | D:6      | Noticed Pikel
  6005 | D:6      | Killed Pikel
  6006 | D:6      | Reached skill level 9 in Armour
  6278 | D:6      | Reached ** piety under Okawaru
  6279 | D:6      | Reached XP level 10. HP: 56/56 MP: 10/10
  6684 | D:7      | Reached skill level 10 in Armour
  7054 | D:7      | Reached *** piety under Okawaru
  7304 | D:8      | Found a flagged portal.
  7350 | Bailey   | Entered a bailey
  7589 | Bailey   | Reached skill level 5 in Fighting
  7636 | Bailey   | Noticed an orc warlord
  7684 | Bailey   | Killed an orc warlord
  7684 | Bailey   | Reached **** piety under Okawaru
  7685 | Bailey   | Reached skill level 11 in Armour
  7697 | Bailey   | Reached XP level 11. HP: 27/66 MP: 9/11
  7941 | Bailey   | Got the Atlas of the Twisted Charnel House
  8070 | D:8      | Acquired the amulet "Nofamm" {Reflect rN++ Will- rCorr
                  | Str+3 SH+5}
  8202 | D:8      | Identified the +8 sling of Wyrd {freeze, Dex+3}
  8206 | D:8      | Noticed a two-headed ogre
  8220 | D:8      | Killed a two-headed ogre
  8273 | D:8      | Reached skill level 12 in Armour
  8387 | D:8      | Noticed a manticore
  8395 | D:8      | Noticed a six-headed hydra
  8409 | D:8      | Killed a six-headed hydra
  8411 | D:8      | Killed a manticore
  8425 | D:8      | Got Kali Iga's Writings on the Fault
  8577 | D:8      | Found Hutzont's Assorted Antiques.
  8580 | D:8      | Bought a scroll of blinking for 232 gold pieces
  8580 | D:8      | Bought a scroll labelled LUYBRUZ NOUJ for 31 gold pieces
  8580 | D:8      | Bought a scroll labelled WUSICS XOUVOHE for 31 gold pieces
  8947 | D:9      | Reached ***** piety under Okawaru
  8969 | D:9      | Reached skill level 1 in Invocations
  9161 | D:9      | Noticed a death yak
  9228 | D:9      | Found a burning altar of Makhleb.
  9229 | D:9      | Found a shimmering altar of Xom.
  9396 | D:9      | Killed a death yak
  9397 | D:9      | Reached skill level 13 in Armour
  9406 | D:9      | Reached XP level 12. HP: 28/76 MP: 15/15
  9746 | D:9      | Found a staircase to the Lair.
 10049 | D:10     | Entered Level 10 of the Dungeon
 10206 | D:10     | Reached skill level 5 in Invocations
 10221 | D:10     | Received a gift from Okawaru
 10795 | D:11     | Reached skill level 10 in Fighting
 11424 | D:11     | Found a blossoming altar of Fedhas.
 11504 | D:11     | Got the Elucidation of Excavation and the Queen Bee
 11507 | D:11     | Found a staircase to the Orcish Mines.
 12250 | Orc:1    | Entered Level 1 of the Orcish Mines
 12317 | Orc:1    | Reached skill level 14 in Armour
 12344 | Orc:1    | Paralysed by an orc sorcerer for 3 turns
 12492 | Orc:1    | Found a burning altar of Makhleb.
 12679 | Orc:1    | HP: 4/80 [troll (9)]
 12898 | Orc:1    | Received a gift from Okawaru
 12899 | Abyss:2  | Cast into level 2 of the Abyss (orc knight)
 12990 | Abyss:3  | Found a corrupted altar of Lugonu.
 13008 | Abyss:3  | Reached XP level 13. HP: 37/84 MP: 18/18
 13013 | Abyss:3  | Noticed an eidolon
 13018 | Abyss:3  | Noticed a cacodemon
 13032 | Abyss:3  | Found a corrupted altar of Lugonu.
 13037 | Abyss:3  | Noticed a bone dragon
 13296 | Abyss:4  | HP: 5/129 [burnt (12)]
 13296 | Abyss:4  | Killed from afar by a smoke demon

Illustrated notes

Levels and vault maps discovered:
D:1:      elethiomel_arrival_infinity_welcomes_careful_drivers,
          layout_loops_corners, shapermc_ecumenical_altar_ellora
D:2:      layout_loops_cross, minmay_shallow_snake_nest
D:3:      layout_rooms, uniq_grinder
D:4:      layout_layer_cave, mainiacjoe_overflow_two_lobes
D:5:      layout_gridville, vehumet_altar_wand_db, portal_sewer_entry_e
D:6:      corexii_shack_village, layout_loops_ring,
          minmay_temple_entry_large_hall, uniq_pikel
D:7:      layout_basic, grunt_ministairs_9
D:8:      kennysheep_windowed_halls, layout_gridville, serial_shops, shop,
          enter_bailey_6
D:9:      kennysheep_kobold_camp, layout_cave_pools,
          grunt_temple_overflow_champion_of_chaos, lair_entry_dummy, serial_ice,
          serial_ice_b, serial_ice_l, serial_ice_a, serial_ice_n,
          chequers_serial_rivers_marsh
D:10:     layout_irregular_city, serial_column_ruins,
          column_ruins_courtyard_long, column_ruins_columns_T,
          column_ruins_open_tiny, column_ruins_grid_3,
          column_ruins_columns_straight, column_ruins_open_large,
          column_ruins_columns_straight, evilmike_minifort
D:11:     layout_layer_cave, zombieorc1_lemuel, minivault_19, fedhas_altar_2
D:12:     layout_cave_pools, nicolae_yredelemnul_corpse_copse, uniq_psyche
Temple:   minmay_temple_bridge_d
Orc:1:    dreamdust_under_siege, layout_diamond_mine, basic_altar,
          nicolae_orc_damp_corner
Abyss:4:  base: Lair:4, hangedman_abyss_rune_macabre_mess, minivault_25,
          hangedman_abyss_rune_macabre_mess

Skill      XL: |  1  2  3  4  5  6  7  8  9 10 11 12 13 |
---------------+----------------------------------------+-----
Maces & Flails | 3 5 7 9 11 12 | 12.0
Shields        | 4 |  4.0
Armour         | 4 5 6 7 9 11 13 14 | 14.8
Fighting       | 6 9 11 12 | 12.0
Invocations    | 4 7 8 |  8.5

Action                     |  1- 3 |  4- 6 |  7- 9 | 10-12 | 13-15 || total
---------------------------+-------+-------+-------+-------+-------++-------
  Melee: Flail             |   144 |    44 |       |       |       ||   188
         Dagger            |    19 |    91 |       |       |       ||   110
         Whip              |       |    24 |   400 |   877 |       ||  1301
         Broad axe         |       |       |       |   230 |    29 ||   259
 Invoke: Heroism           |       |       |       |    14 |     3 ||    17
         Finesse           |       |       |       |       |     1 ||     1
    Use: Scroll            |       |     6 |     5 |    12 |     4 ||    27
         Potion            |       |     3 |       |     4 |     2 ||     9
   Stab: Distracted        |       |       |       |     1 |       ||     1
         Invisible         |       |       |       |       |     1 ||     1
 Armour: Scale mail        |   128 |   121 |    12 |       |       ||   261
         Plate armour      |       |       |   198 |   412 |    33 ||   643
  Dodge: Dodged            |    81 |    86 |   192 |   667 |    17 ||  1043
  Block: Buckler           |    40 |    35 |    81 |   392 |    15 ||   563
         Reflection        |       |       |       |     4 |     1 ||     5
